[Event "Titled Tuesday Blitz September 28 2021"]
[White "Madaminov, Mukhiddin"]
[Black "Nesterov, Arseniy"]
[WhiteFideId "14210703"]
[BlackFideId "24198455"]
[WhiteElo "1855"]
[BlackElo "2494"]
[Result "0-1"]
[Round "06"]
[TimeControl "180+1"]
[Date "2021.09.28"]
[WhiteClock "0:00:07"]
[BlackClock "0:00:10"]

1. e4 e5 2. Nf3 Nc6 3. d4 exd4 4. Nxd4 Bb4+ 5. c3 Bc5 6. Be3 Bb6 7. Bc4 Nge7 8. O-O O-O 9. Bb3 d5 10. exd5 Nxd5 11. Nxc6 bxc6 12. Bd4 Re8 13. Qf3 Ba6 14. Rc1 Qg5 15. Na3 Nf4 16. Re1 Rad8 17. Nc2 Be2 18. Rxe2 Nxe2+ 19. Kh1 Qf4 20. Qxc6 Nxd4 21. cxd4 Qxf2 22. Qc4 Re2 23. Rg1 Rxd4 24. Nxd4 Bxd4 0-1


[Site "https://www.chess.com"]

[Event "Titled Tuesday Blitz September 28 2021"]
[White "Maltsevskaya, Aleksandra"]
[Black "Siva Mahadevan"]
[WhiteFideId "24174041"]
[BlackFideId "25043153"]
[WhiteElo "2239"]
[BlackElo "2203"]
[Result "0-1"]
[Round "06"]
[TimeControl "180+1"]
[Date "2021.09.28"]
[WhiteClock "0:00:02"]
[BlackClock "0:00:17"]

1. e4 c5 2. Nf3 Nc6 3. d4 cxd4 4. Nxd4 Nf6 5. Nc3 d6 6. Bg5 e6 7. Qd2 a6 8. O-O-O Bd7 9. h4 b5 10. f3 h6 11. Be3 h5 12. Kb1 Ne5 13. a3 Rb8 14. Na2 d5 15. Bf4 Bd6 16. exd5 Nxd5 17. Nf5 Bc7 18. Nxg7+ Kf8 19. Bh6 Kg8 20. Nxh5 Nc4 21. Bxc4 bxc4 22. Qd4 Rh7 23. Qg4+ Kh8 24. Bg7+ Kg8 25. Rxd5 exd5 26. Qd4 Rxh5 27. Bf6 Qf8 28. Nb4 Qd6 29. g4 Rh6 30. g5 Rh5 31. Nxd5 Be6 32. Ne7+ Kf8 33. Qe3 Bb6 34. Qc3 Bc7 35. g6 fxg6 36. Nxg6+ Kf7 37. Be7 Qb6 38. Qf6+ Ke8 39. Bb4 Bd8 40. Qf8+ Kd7 41. Rd1+ Rd5 42. Qd6+ Qxd6 43. Rxd5 Qxd5 44. Nf8+ Ke8 45. Nxe6 Qxe6 0-1


[Site "https://www.chess.com"]

[Event "Titled Tuesday Blitz September 28 2021"]
[White "Maly, Alexey"]
[Black "Taichman, Ori"]
[WhiteFideId "14103184"]
[BlackFideId "2804069"]
[WhiteElo "2250"]
[BlackElo "2227"]
[Result "1-0"]
[Round "06"]
[TimeControl "180+1"]
[Date "2021.09.28"]
[WhiteClock "0:01:29"]
[BlackClock "0:00:10"]

1. d4 Nf6 2. c4 g6 3. Nc3 Bg7 4. e4 O-O 5. Be2 d6 6. Nf3 e5 7. O-O Nc6 8. d5 Ne7 9. Ne1 Nd7 10. Be3 f5 11. f3 f4 12. Bf2 g5 13. a4 h5 14. a5 a6 15. Nd3 Ng6 16. c5 Rf7 17. cxd6 cxd6 18. Na4 Nf6 19. Nb6 Rb8 20. Rc1 g4 21. Qc2 g3 22. Nxc8 Ne8 23. Bb6 Qh4 24. h3 Rc7 25. Bxc7 Rxc8 26. Qb3 Nf6 27. Bxd6 Rxc1 28. Rxc1 Nh7 29. Rc8+ Ngf8 30. Bxf8 Ng5 31. Bxg7+ Kh7 32. d6 Nxh3+ 33. gxh3 Qxh3 34. Qg8+ Kg6 35. Nxe5+ Kg5 36. Qd8# 1-0


[Site "https://www.chess.com"]

[Event "Titled Tuesday Blitz September 28 2021"]
[White "Manafov, Vugar"]
[Black "Mortazavi, Ali"]
[WhiteFideId "13410814"]
[BlackFideId "401323"]
[WhiteElo "2274"]
[BlackElo "2339"]
[Result "1-0"]
[Round "06"]
[TimeControl "180+1"]
[Date "2021.09.28"]
[WhiteClock "0:01:36"]
[BlackClock "0:00:51"]

1. d4 Nf6 2. c4 g6 3. Nc3 Bg7 4. g3 O-O 5. Bg2 d6 6. Nf3 Nbd7 7. O-O e5 8. e4 c6 9. b3 Re8 10. Bb2 a6 11. a4 a5 12. Qc2 exd4 13. Nxd4 Qb6 14. Rad1 Nc5 15. Rfe1 Bg4 16. Rd2 Rad8 17. h3 Bc8 18. Red1 h5 19. Kh1 h4 20. g4 Nxg4 21. hxg4 Bxg4 22. f3 h3 23. fxg4 hxg2+ 24. Kxg2 Re5 25. Nf3 Re6 26. e5 Nxb3 27. Rxd6 Rde8 28. Rxe6 Rxe6 29. Ne4 Qe3 30. Rd3 Qxe4 31. Rd8+ Kh7 32. Qxe4 1-0


[Site "https://www.chess.com"]

[Event "Titled Tuesday Blitz September 28 2021"]
[White "Maze, Sebastien"]
[Black "Sevian, Samuel"]
[WhiteFideId "613762"]
[BlackFideId "2040506"]
[WhiteElo "2462"]
[BlackElo "2901"]
[Result "0-1"]
[Round "06"]
[TimeControl "180+1"]
[Date "2021.09.28"]
[WhiteClock "0:00:11"]
[BlackClock "0:02:14"]

1. e4 b6 2. d4 Bb7 3. Nc3 e6 4. Nf3 Bb4 5. Bd3 Nf6 6. Qe2 d5 7. e5 Ne4 8. Bd2 Nxd2 9. Qxd2 a6 10. a3 Be7 11. Ne2 c5 12. c3 Nc6 13. b4 Qc7 14. Nf4 g5 15. Nh5 g4 16. Ng5 cxd4 17. Ng7+ Kd7 18. Nxf7 Nxe5 19. Nxh8 dxc3 20. Qe2 Nxd3+ 21. Qxd3 Qe5+ 22. Qe3 Qxg7 23. Qxb6 Qe5+ 24. Kf1 Qc7 25. Qxc7+ Kxc7 26. Nf7 Bf6 27. Ke2 h5 28. h3 Rf8 29. Nh6 g3 30. fxg3 Bg5 31. Raf1 Rxf1 32. Rxf1 Bxh6 33. Kd3 d4 34. Rf6 Bd2 35. Rxe6 Bxg2 36. g4 Bxh3 37. Re7+ Kd6 38. Ra7 Bxg4 39. Rxa6+ Ke5 40. b5 Bf5+ 41. Ke2 d3+ 42. Kf3 c2 0-1


[Site "https://www.chess.com"]

[Event "Titled Tuesday Blitz September 28 2021"]
[White "Mgeladze, Tamaz"]
[Black "Sokolovsky, Yahli"]
[WhiteFideId "13601202"]
[BlackFideId "2820242"]
[WhiteElo "2258"]
[BlackElo "1770"]
[Result "0-1"]
[Round "06"]
[TimeControl "180+1"]
[Date "2021.09.28"]
[WhiteClock "0:00:18"]
[BlackClock "0:00:06"]

1. c4 g6 2. Nc3 Bg7 3. g3 c5 4. Bg2 Nf6 5. Nf3 O-O 6. O-O d6 7. a3 Nc6 8. Rb1 e5 9. d3 Be6 10. Bg5 Qd7 11. Bxf6 Bxf6 12. b4 cxb4 13. axb4 Bh3 14. Nd5 Bg7 15. b5 Bxg2 16. Kxg2 Ne7 17. e4 Nxd5 18. exd5 h6 19. Ra1 e4 20. dxe4 Bxa1 21. Qxa1 a5 22. e5 a4 23. Re1 dxe5 24. Nxe5 Qf5 25. c5 a3 26. d6 a2 27. c6 bxc6 28. bxc6 Qe6 29. d7 Qd5+ 30. Kh3 f6 31. Ng4 Qh5+ 32. Kg2 Qxg4 33. Re7 Qc4 34. c7 Qxc7 35. h4 Qd6 36. Re2 Qxd7 37. Kh2 Qd5 38. Re7 Qf3 39. Kh3 Rfb8 40. Re3 Qf5+ 41. g4 Qf4 42. Re7 Rb3+ 43. Kg2 Qxg4+ 44. Kh2 Rh3# 0-1


[Site "https://www.chess.com"]

[Event "Titled Tuesday Blitz September 28 2021"]
[White "Nakamura, Hikaru"]
[Black "Demidov, Mikhail"]
[WhiteFideId "2016192"]
[BlackFideId "4197143"]
[WhiteElo "3206"]
[BlackElo "2928"]
[Result "1-0"]
[Round "06"]
[TimeControl "180+1"]
[Date "2021.09.28"]
[WhiteClock "0:00:17"]
[BlackClock "0:00:04"]

1. Nf3 g6 2. e4 Bg7 3. d4 c6 4. Bd3 d5 5. e5 Bg4 6. Nbd2 e6 7. h3 Bxf3 8. Nxf3 Ne7 9. O-O O-O 10. c3 c5 11. Be3 Nbc6 12. Re1 cxd4 13. cxd4 Rc8 14. Bd2 Qb6 15. Bc3 Rc7 16. Qd2 a5 17. g4 a4 18. Kg2 a3 19. b4 Ra8 20. Rac1 Nc8 21. b5 N6e7 22. Bb4 Bf8 23. Bc5 Qa5 24. Qf4 h6 25. h4 b6 26. Bd6 Rd7 27. h5 Bg7 28. g5 hxg5 29. Qxg5 Nxd6 30. exd6 Nf5 31. hxg6 f6 32. Qh5 Nxd6 33. Rxe6 Ne4 34. Rec6 Rad8 35. Qf5 Qb4 36. Bxe4 dxe4 37. Qxe4 Qxb5 38. Qe6+ Kf8 39. Rc8 Bh6 40. Rxd8+ Rxd8 41. Qf7# 1-0


[Site "https://www.chess.com"]

[Event "Titled Tuesday Blitz September 28 2021"]
[White "Nguyen, Ngoc Truong Son"]
[Black "Gasanov, Zaur"]
[WhiteFideId "12401110"]
[BlackFideId "34125970"]
[WhiteElo "2596"]
[BlackElo "2099"]
[Result "1-0"]
[Round "06"]
[TimeControl "180+1"]
[Date "2021.09.28"]
[WhiteClock "0:01:04"]
[BlackClock "0:00:04"]

1. d4 Nf6 2. Nf3 d5 3. Bf4 e6 4. e3 Bd6 5. Bg3 O-O 6. c4 dxc4 7. Bxc4 c5 8. Nc3 Nc6 9. dxc5 Bxc5 10. O-O Qe7 11. a3 a6 12. b4 Rd8 13. Qc2 Ba7 14. Bh4 b5 15. Bd3 h6 16. Ne4 Bb7 17. Nxf6+ gxf6 18. Be4 Rac8 19. Qb2 Kg7 20. h3 Bb8 21. Rfc1 Rd7 22. Rc5 Ne5 23. Nxe5 Bxe5 24. Rxe5 Qd8 25. Bxb7 Rxb7 26. Rc5 Rxc5 27. bxc5 Rd7 28. c6 Rc7 29. Rc1 e5 30. Qxe5 Rxc6 31. Qg3+ 1-0


[Site "https://www.chess.com"]

[Event "Titled Tuesday Blitz September 28 2021"]
[White "Oparin, Grigoriy"]
[Black "Shtembuliak, Evgeny"]
[WhiteFideId "24125890"]
[BlackFideId "14113325"]
[WhiteElo "2604"]
[BlackElo "2504"]
[Result "1-0"]
[Round "06"]
[TimeControl "180+1"]
[Date "2021.09.28"]
[WhiteClock "0:01:01"]
[BlackClock "0:00:18"]

1. e4 e5 2. Nc3 Nf6 3. Bc4 Nc6 4. d3 Bb4 5. Ne2 d6 6. O-O Na5 7. Bb3 Nxb3 8. axb3 a6 9. f4 Bc5+ 10. Kh1 Ba7 11. Qe1 h6 12. Qg3 Nh5 13. Qf3 Nf6 14. fxe5 dxe5 15. Nd5 Be6 16. Nxf6+ Qxf6 17. Qxf6 gxf6 18. Rxf6 Ke7 19. Rf1 h5 20. Bg5+ Kd6 21. Ng3 Rag8 22. Nf5+ Bxf5 23. Rxf5 Rg6 24. h4 Ke6 25. Raf1 Rh7 26. Kh2 Bc5 27. Kh3 Bd6 28. Rf6+ Rxf6 29. Rxf6+ Kd7 30. Rf5 Ke6 31. c3 b5 32. d4 c6 33. Be3 a5 34. dxe5 Bxe5 35. Bd4 Bd6 36. c4 bxc4 37. bxc4 Bb4 38. b3 Rh6 39. g4 hxg4+ 40. Kxg4 Be7 41. h5 Bd8 42. Bg7 Rh7 43. h6 Be7 44. Rxa5 Bf6 45. Bxf6 Kxf6 46. Ra6 Kg6 47. Rxc6+ f6 48. e5 1-0


[Site "https://www.chess.com"]

[Event "Titled Tuesday Blitz September 28 2021"]
[White "Paltrinieri, Nicholas"]
[Black "Sinitsina, Anastassia"]
[WhiteFideId "828262"]
[BlackFideId "4504640"]
[WhiteElo "2254"]
[BlackElo "2161"]
[Result "1-0"]
[Round "06"]
[TimeControl "180+1"]
[Date "2021.09.28"]
[WhiteClock "0:01:45"]
[BlackClock "0:01:51"]

1. d4 Nf6 2. Bg5 Ne4 3. Bh4 c5 4. f3 g5 5. fxe4 gxh4 6. e3 Bh6 7. Na3 Bxe3 8. d5 d6 9. Nc4 Bxg1 10. Rxg1 b5 11. Ne3 a6 12. a4 b4 13. Qh5 e6 14. O-O-O Qf6 15. Bc4 e5 16. Rdf1 Qg7 17. Qxh4 Bd7 18. g4 h6 19. Rf6 Qg5 20. Qf2 O-O 21. h4 Qg7 22. g5 h5 23. a5 1-0


[Site "https://www.chess.com"]

[Event "Titled Tuesday Blitz September 28 2021"]
[White "Parkhov, Yair"]
[Black "Odegov, Artem"]
[WhiteFideId "2813408"]
[BlackFideId "34183644"]
[WhiteElo "2131"]
[BlackElo "2257"]
[Result "0-1"]
[Round "06"]
[TimeControl "180+1"]
[Date "2021.09.28"]
[WhiteClock "0:01:02"]
[BlackClock "0:01:02"]

1. c4 Nf6 2. g3 g6 3. Bg2 Bg7 4. d4 O-O 5. Nc3 c5 6. dxc5 Nc6 7. Nf3 Qa5 8. O-O Qxc5 9. Qa4 d6 10. Be3 Qh5 11. Rfd1 Bh3 12. Nd5 Bxg2 13. Kxg2 Ng4 14. Bg5 e5 15. h3 e4 16. Nf6+ Bxf6 17. Rd5 exf3+ 18. exf3 Nge5 0-1


[Site "https://www.chess.com"]

[Event "Titled Tuesday Blitz September 28 2021"]
[White "Pastar, Slaven"]
[Black "Samsonkin, Artiom"]
[WhiteFideId "14402718"]
[BlackFideId "13503111"]
[WhiteElo "2150"]
[BlackElo "2513"]
[Result "0-1"]
[Round "06"]
[TimeControl "180+1"]
[Date "2021.09.28"]
[WhiteClock "0:02:02"]
[BlackClock "0:02:27"]

1. b3 e5 2. Bb2 d6 3. e3 Nd7 4. d4 g6 5. dxe5 Bg7 6. Nf3 Ne7 7. c4 O-O 8. g3 dxe5 9. Nfd2 Nc5 10. Qc2 Nc6 11. a4 Nb4 12. Qc3 Nbd3+ 13. Bxd3 Nxd3+ 14. Ke2 Nxb2 15. Qxb2 e4 16. Qa2 Qd3+ 17. Ke1 Bg4 0-1


[Site "https://www.chess.com"]

[Event "Titled Tuesday Blitz September 28 2021"]
[White "Perez Ponsa, Federico"]
[Black "Solon, Nathan"]
[WhiteFideId "117927"]
[BlackFideId "2017229"]
[WhiteElo "2672"]
[BlackElo "2689"]
[Result "1-0"]
[Round "06"]
[TimeControl "180+1"]
[Date "2021.09.28"]
[WhiteClock "0:01:05"]
[BlackClock "0:00:03"]

1. d4 d5 2. Nf3 Nf6 3. Bf4 c5 4. e3 Nc6 5. Nbd2 cxd4 6. exd4 Bf5 7. Bb5 e6 8. Ne5 Nd7 9. Nxc6 bxc6 10. Bxc6 Rc8 11. Ba4 Be7 12. c3 O-O 13. O-O Nb6 14. Bc2 Bxc2 15. Qxc2 Bg5 16. Bxg5 Qxg5 17. Nf3 Qe7 18. Ne5 Nc4 19. Rae1 Qb7 20. Nxc4 Rxc4 21. f4 g6 22. g4 Rfc8 23. Qd2 R4c6 24. f5 exf5 25. gxf5 Qd7 26. Re5 Re8 27. Qe3 Rxe5 28. Qxe5 gxf5 29. Rxf5 Rg6+ 30. Kf2 Qd8 31. Qf4 Qe7 32. Qb8+ Kg7 33. Qe5+ Qxe5 34. Rxe5 Rb6 35. b4 Rc6 36. Rxd5 Rxc3 37. Ra5 Rc4 38. b5 Rxd4 39. Rxa7 Rb4 40. a4 Kg6 41. Ra6+ Kg5 42. b6 f5 43. a5 Rb5 44. Ra8 Kf4 45. Ke2 h5 46. Kd3 Kf3 47. Kc4 Rb1 48. Ra7 f4 49. Rf7 Ke3 50. b7 f3 51. a6 f2 52. Kc5 Ke2 53. Rxf2+ Kxf2 54. Kc6 Kg2 55. a7 Kxh2 56. b8=Q+ 1-0


[Site "https://www.chess.com"]

[Event "Titled Tuesday Blitz September 28 2021"]
[White "Potapova, Margarita"]
[Black "Mekhitarian, Krikor Sevag"]
[WhiteFideId "14126869"]
[BlackFideId "2107660"]
[WhiteElo "2214"]
[BlackElo "2598"]
[Result "0-1"]
[Round "06"]
[TimeControl "180+1"]
[Date "2021.09.28"]
[WhiteClock "0:00:10"]
[BlackClock "0:00:08"]

1. d4 Nf6 2. c4 g6 3. Nc3 d5 4. cxd5 Nxd5 5. Na4 Bg7 6. e4 Nb6 7. Nf3 O-O 8. Be3 Bg4 9. Be2 Nc6 10. Nxb6 axb6 11. d5 Bxf3 12. gxf3 Nb8 13. h4 Bxb2 14. h5 Nd7 15. hxg6 fxg6 16. Bd4 Bxd4 17. Qxd4 e5 18. dxe6 Nc5 19. Qxd8 Rfxd8 20. Bc4 Kg7 21. Rd1 Rxd1+ 22. Kxd1 c6 23. e7 Re8 24. Kc2 Rxe7 25. Rd1 b5 26. Be2 Rf7 27. Rd8 Nd7 28. f4 Nc5 29. e5 Ne6 30. Rd6 Nxf4 31. Bg4 Re7 32. Bc8 h5 33. e6 Kf6 34. Rd4 Nxe6 35. Rd1 Nc5 36. f3 Rc7 37. Bh3 Ne6 38. Re1 Re7 39. Rd1 Nf4 40. Rd6+ Ke5 41. Rd8 Nxh3 42. Rd1 Kf6 43. Kc3 Nf4 44. Kb4 Nd5+ 45. Kc5 Re3 46. Kd6 Rxf3 47. Rg1 h4 48. Re1 h3 49. Re8 Kg5 50. Rh8 Kg4 51. a3 g5 52. Rh6 Rf6+ 53. Kc5 Rxh6 54. Kd4 b6 55. Ke5 b4 56. Kd4 bxa3 57. Ke5 a2 58. Kd4 a1=Q+ 59. Ke4 Re6+ 60. Kd3 Qc3# 0-1


[Site "https://www.chess.com"]

[Event "Titled Tuesday Blitz September 28 2021"]
[White "Quintiliano Pinto, Renato R."]
[Black "Milchev, Nikolay"]
[WhiteFideId "2117568"]
[BlackFideId "2906090"]
[WhiteElo "2439"]
[BlackElo "2449"]
[Result "1-0"]
[Round "06"]
[TimeControl "180+1"]
[Date "2021.09.28"]
[WhiteClock "0:01:43"]
[BlackClock "0:01:56"]

1. d4 Nf6 2. Nf3 g6 3. c4 Bg7 4. Nc3 O-O 5. e4 d6 6. Be2 c5 7. O-O Bg4 8. d5 b5 9. cxb5 a6 10. bxa6 Bxf3 11. Bxf3 Nxa6 12. Bg5 Qb6 13. Qd2 Rfb8 14. Rab1 Nc7 15. Be2 Qb4 16. a3 Qd4 17. Qc2 c4 18. Be3 Qxe4 1-0


[Site "https://www.chess.com"]

[Event "Titled Tuesday Blitz September 28 2021"]
[White "Quispe Arteaga, Gabriel"]
[Black "Holt, Conrad"]
[WhiteFideId "32059809"]
[BlackFideId "2034387"]
[WhiteElo "2192"]
[BlackElo "2586"]
[Result "0-1"]
[Round "06"]
[TimeControl "180+1"]
[Date "2021.09.28"]
[WhiteClock "0:00:03"]
[BlackClock "0:00:08"]

1. c4 c6 2. Nf3 d5 3. e3 Nf6 4. Nc3 Nbd7 5. d4 e6 6. Qc2 b6 7. b3 Bb7 8. Bb2 Be7 9. Bd3 O-O 10. O-O c5 11. cxd5 exd5 12. Rac1 Rc8 13. Qb1 a6 14. Ne5 g6 15. Rfd1 cxd4 16. exd4 Bd6 17. Ne2 Re8 18. Rxc8 Bxc8 19. f4 Bb7 20. Ng3 Nf8 21. Rf1 N6d7 22. f5 Nxe5 23. dxe5 Bxe5 24. fxg6 hxg6 25. Bxe5 Rxe5 26. Qb2 d4 27. Qf2 f5 28. Bc4+ Kg7 29. Qf4 Rc5 30. h4 b5 31. Bd3 Ne6 32. Qf2 f4 33. Ne4 Rh5 34. Re1 Bd5 35. Ng5 Nxg5 36. Qxd4+ Kh7 37. hxg5 Qxg5 38. Re2 f3 39. Rf2 Qc1+ 40. Rf1 Qg5 41. Rf2 Qh6 0-1


[Site "https://www.chess.com"]

[Event "Titled Tuesday Blitz September 28 2021"]
[White "Riehle, Marco"]
[Black "Hansen, Eric"]
[WhiteFideId "12904392"]
[BlackFideId "2606771"]
[WhiteElo "2462"]
[BlackElo "2568"]
[Result "0-1"]
[Round "06"]
[TimeControl "180+1"]
[Date "2021.09.28"]
[WhiteClock "0:00:24"]
[BlackClock "0:00:12"]

1. e4 c5 2. a3 d5 3. exd5 Qxd5 4. Nc3 Qd8 5. Nf3 Nf6 6. d4 e6 7. Bb5+ Bd7 8. Bxd7+ Qxd7 9. O-O Nc6 10. dxc5 Qxd1 11. Rxd1 Bxc5 12. Bg5 a6 13. Bxf6 gxf6 14. Ne4 Be7 15. Nd6+ Bxd6 16. Rxd6 Ke7 17. Rad1 Rhd8 18. Rxd8 Nxd8 19. Kf1 Rc8 20. c3 b5 21. Ke2 Nb7 22. Rd4 h5 23. Rh4 Rc5 24. Nd2 Nd6 25. Ne4 Re5 26. Kd3 Nc4 27. b3 Rd5+ 28. Ke2 Nxa3 29. Ng3 Nb1 30. c4 Nc3+ 31. Ke3 Re5+ 32. Kd3 Nd1 33. f4 Nf2+ 34. Kc2 Re3 35. cxb5 axb5 36. Rxh5 b4 37. Rc5 Ng4 38. Nf1 Re2+ 39. Kd3 Rxg2 40. Rc4 Rf2 41. Nd2 Nxh2 42. Rxb4 f5 43. Rc4 Nf3 44. Nxf3 Rxf3+ 45. Kc2 Kd6 46. b4 Kd5 47. Rc5+ Kd4 48. Rc8 Ra3 49. Kb2 Ra7 50. Kb3 Ke3 51. Rc4 f6 52. Rc6 Re7 53. b5 Kxf4 54. b6 e5 55. Rc7 Re6 56. b7 Rb6+ 57. Kc4 Ke3 58. Kc5 Rb1 59. Kc6 f4 60. Kd7 f3 61. Kc8 f2 62. b8=Q Rxb8+ 63. Kxb8 f1=Q 64. Kb7 Qb5+ 65. Kc8 e4 66. Kd8 Qa5 67. Kc8 Qxc7+ 68. Kxc7 f5 0-1


[Site "https://www.chess.com"]

[Event "Titled Tuesday Blitz September 28 2021"]
[White "Roberson, Peter T"]
[Black "Pakleza, Zbigniew"]
[WhiteFideId "412384"]
[BlackFideId "1119290"]
[WhiteElo "2283"]
[BlackElo "2526"]
[Result "0-1"]
[Round "06"]
[TimeControl "180+1"]
[Date "2021.09.28"]
[WhiteClock "0:00:19"]
[BlackClock "0:00:14"]

1. e4 d6 2. d4 Nf6 3. Nc3 c6 4. Nf3 Bg4 5. h3 Bh5 6. g4 Bg6 7. Qe2 e6 8. d5 cxd5 9. exd5 e5 10. h4 Nxg4 11. Nd4 Nf6 12. Bh3 Bh5 13. Qb5+ Nbd7 14. Qxb7 Rb8 15. Qxa7 exd4 16. Bg5 Be7 17. Bxf6 Nxf6 18. Qa4+ Kf8 19. Qxd4 Rxb2 20. Kd2 Bg6 21. Rhc1 Qa5 22. Rab1 Ne4+ 23. Qxe4 Bxe4 24. Rxb2 g6 25. Rb5 Qa7 26. Rcb1 Qd4+ 27. Kc1 Qxc3 0-1


[Site "https://www.chess.com"]

[Event "Titled Tuesday Blitz September 28 2021"]
[White "Romanchuk, Viktor"]
[Black "Stoyanov, Tsvetan"]
[WhiteFideId "14109271"]
[BlackFideId "2917173"]
[WhiteElo "2242"]
[BlackElo "2191"]
[Result "0-1"]
[Round "06"]
[TimeControl "180+1"]
[Date "2021.09.28"]
[WhiteClock "0:00:32"]
[BlackClock "0:01:22"]

1. d4 c5 2. c3 d5 3. Bf4 Nc6 4. e3 Qb6 5. Qb3 c4 6. Qc2 Bf5 7. Qc1 e5 8. Bg3 exd4 9. exd4 O-O-O 10. Be2 Re8 11. Nd2 Nf6 12. b3 cxb3 13. axb3 h5 14. h4 g6 15. Kf1 Bh6 16. Ngf3 Ne4 17. Qb2 Nxg3+ 18. fxg3 Qc7 19. Ng5 Qxg3 20. Ndf3 f6 21. Nf7 Be3 22. Bb5 Rhf8 0-1


[Site "https://www.chess.com"]

[Event "Titled Tuesday Blitz September 28 2021"]
[White "Rosen, Eric"]
[Black "Galego, Luis"]
[WhiteFideId "2032562"]
[BlackFideId "1900072"]
[WhiteElo "2362"]
[BlackElo "2524"]
[Result "1-0"]
[Round "06"]
[TimeControl "180+1"]
[Date "2021.09.28"]
[WhiteClock "0:00:10"]
[BlackClock "0:00:05"]

1. d4 Nf6 2. Bf4 g6 3. Nc3 Bg7 4. e4 O-O 5. e5 Ne8 6. Nf3 d6 7. h3 Nc6 8. Bc4 Na5 9. Bd3 Be6 10. Qe2 dxe5 11. dxe5 c6 12. b4 Nc7 13. bxa5 Nd5 14. Bd2 Qxa5 15. Ne4 Qc7 16. Neg5 c5 17. O-O Rac8 18. Nxe6 fxe6 19. Bc4 Rf5 20. Rfe1 Rcf8 21. Bd3 Rxf3 22. gxf3 Nf4 23. Bxf4 Rxf4 24. Bc4 Qc6 25. Rad1 Bh6 26. Rd8+ Kf7 27. Bb5 Qb6 28. Red1 Bg5 29. Bc4 a6 30. c3 Qa5 31. Qd3 b5 32. Bxe6+ Kxe6 33. Qd5+ Kf5 34. Rf8+ Bf6 35. exf6+ e5 36. Qd7+ Kg5 37. f7 Qxc3 38. Qe7+ Kh6 39. Rfd8 Qxf3 40. f8=Q+ Rxf8 41. Qxf8+ Kh5 42. Qxf3+ Kg5 43. Qg4+ Kf6 44. R1d6+ Ke7 45. R8d7+ Ke8 46. Qe6+ Kf8 47. Qf7# 1-0


[Site "https://www.chess.com"]

[Event "Titled Tuesday Blitz September 28 2021"]
[White "Rottenwohrer Suarez, Juan"]
[Black "Vogel, Roven"]
[WhiteFideId "32068182"]
[BlackFideId "12908088"]
[WhiteElo "2158"]
[BlackElo "2516"]
[Result "0-1"]
[Round "06"]
[TimeControl "180+1"]
[Date "2021.09.28"]
[WhiteClock "0:00:06"]
[BlackClock "0:01:17"]

1. d4 d5 2. c4 e6 3. Nc3 a6 4. cxd5 exd5 5. Bf4 Nf6 6. Nf3 c5 7. e3 c4 8. Be2 b5 9. O-O Be7 10. Ne5 O-O 11. Bf3 Bb7 12. Re1 Ne4 13. h3 Bd6 14. Qc2 Nxc3 15. bxc3 Qc7 16. g3 Nd7 17. Nxd7 Qxd7 18. Bxd6 Qxd6 19. e4 dxe4 20. Bxe4 Bxe4 21. Rxe4 Qa3 22. Rae1 Rac8 23. h4 a5 24. Rg4 b4 25. cxb4 axb4 26. h5 Qd3 27. Qxd3 cxd3 28. Rd1 Rc3 29. h6 g6 30. Re4 Ra8 31. Re3 Kf8 32. Rdxd3 Rxd3 33. Rxd3 Rxa2 34. Rb3 Ra4 35. Kg2 Ke7 36. Kf3 Kd6 37. Ke4 f5+ 38. Kd3 Kd5 39. f3 Ra3 40. Kc2 Rxb3 41. Kxb3 Kxd4 42. Kxb4 Ke3 43. Kc5 Kxf3 44. Kd5 Kxg3 45. Ke5 f4 46. Kf6 f3 47. Kg7 f2 48. Kxh7 f1=Q 49. Kxg6 Qa1 0-1


[Site "https://www.chess.com"]

[Event "Titled Tuesday Blitz September 28 2021"]
[White "Rozhkov, Viacheslav"]
[Black "Gaehwiler, Gabriel"]
[WhiteFideId "4181484"]
[BlackFideId "1314530"]
[WhiteElo "2324"]
[BlackElo "2320"]
[Result "0-1"]
[Round "06"]
[TimeControl "180+1"]
[Date "2021.09.28"]
[WhiteClock "0:00:02"]
[BlackClock "0:00:51"]

1. e4 c5 2. Nf3 d6 3. d4 cxd4 4. Nxd4 Nf6 5. Nc3 Nc6 6. Bc4 Bd7 7. Bb3 Rc8 8. f3 a6 9. Be3 e6 10. Qe2 Be7 11. O-O-O O-O 12. g4 b5 13. g5 Ne8 14. h4 Nxd4 15. Bxd4 b4 16. Na4 Qa5 17. Nb6 Bb5 18. Qf2 Rb8 19. f4 Bd8 20. Nc4 Qc7 21. Ne3 a5 22. h5 a4 23. Bd5 Qc8 24. h6 g6 25. Kb1 exd5 26. Nxd5 Nc7 27. Nf6+ Bxf6 28. Bxf6 b3 29. cxb3 axb3 30. a3 Qe6 31. Rhe1 Rfe8 32. f5 Qc4 33. Rd4 Qc2+ 34. Qxc2 bxc2+ 35. Kxc2 gxf5 36. Rxd6 fxe4 37. Kd2 Bd3 38. b4 Nb5 39. Rd7 Nxa3 40. Ke3 Nc4+ 41. Kf4 Nb6 42. Rd6 Re6 43. Rxe6 fxe6 44. Ke5 Kf7 45. Ra1 Nd7+ 46. Kf4 Nxf6 47. Ra7+ Nd7 48. Rxd7+ Kg8 49. Rg7+ Kh8 50. Re7 Rf8+ 51. Ke3 Rg8 52. Kf4 Bc4 0-1


[Site "https://www.chess.com"]

[Event "Titled Tuesday Blitz September 28 2021"]
[White "Rozman, Levy"]
[Black "Estrada Nieto, Julian"]
[WhiteFideId "2039877"]
[BlackFideId "5101018"]
[WhiteElo "2376"]
[BlackElo "2270"]
[Result "1-0"]
[Round "06"]
[TimeControl "180+1"]
[Date "2021.09.28"]
[WhiteClock "0:00:16"]
[BlackClock "0:00:02"]

1. d4 d5 2. c4 dxc4 3. e4 e5 4. Nf3 exd4 5. Bxc4 Nc6 6. O-O Be6 7. Bxe6 fxe6 8. Qb3 Qd7 9. Na3 Bxa3 10. Qxa3 Nf6 11. e5 Nd5 12. Bg5 h6 13. Bh4 g5 14. Bg3 O-O-O 15. Rfd1 Nf4 16. Bxf4 gxf4 17. Rac1 Kb8 18. b4 a6 19. b5 axb5 20. Qd3 Qd5 21. Rb1 b4 22. a3 Rhg8 23. Re1 bxa3 24. Rb5 Qa2 25. h3 Rd5 26. Re2 Qa1+ 27. Rb1 Qc3 28. Qh7 Rdd8 29. Qe4 d3 30. Ree1 d2 31. Red1 Qd3 32. Qxc6 b6 33. Qxe6 a2 34. Qxa2 Qxf3 35. Kf1 Qxg2+ 36. Ke2 Qe4+ 37. Kf1 Qh1+ 38. Ke2 Qe4+ 39. Kf1 f3 40. Qa6 1-0


[Site "https://www.chess.com"]

[Event "Titled Tuesday Blitz September 28 2021"]
[White "Rustemov, Alexander"]
[Black "Wadsworth, Matthew J"]
[WhiteFideId "4119002"]
[BlackFideId "415804"]
[WhiteElo "2759"]
[BlackElo "2293"]
[Result "0-1"]
[Round "06"]
[TimeControl "180+1"]
[Date "2021.09.28"]
[WhiteClock "0:00:03"]
[BlackClock "0:00:09"]

1. d4 Nf6 2. c4 c5 3. d5 e6 4. Nc3 exd5 5. cxd5 d6 6. e4 g6 7. h3 Bg7 8. Bd3 O-O 9. Nf3 Nh5 10. Bg5 Bf6 11. Be3 a6 12. a4 Nd7 13. O-O Re8 14. Re1 Rb8 15. Nd2 Bd4 16. Nc4 Ne5 17. Bxd4 cxd4 18. Ne2 Nxc4 19. Bxc4 Rxe4 20. Nxd4 Rxe1+ 21. Qxe1 Bd7 22. Qe3 Qf6 23. Bf1 Re8 24. Qd2 Nf4 25. Ra3 Qg5 26. Kh2 Qxd5 27. Qxf4 Re4 28. Qf6 Qxd4 29. Qd8+ Be8 30. Rd3 Qxf2 31. Rf3 Qd4 32. Bd3 Qe5+ 33. Kg1 Re1+ 34. Bf1 Kg7 35. b3 Bc6 36. Rf2 Qd4 37. Qa5 Rb1 38. Qd2 Qxd2 39. Rxd2 Rxb3 40. Rxd6 Rb4 41. Bxa6 bxa6 42. Rxc6 Rxa4 43. Rc7 Ra1+ 44. Kf2 h5 45. Ra7 a5 46. Kg3 a4 47. Kh2 g5 48. Kg3 a3 49. Kf2 Kg6 50. Ra6+ f6 51. Ra5 a2 52. Ra6 Kf7 53. Kg3 f5 54. Kf2 f4 55. Ra7+ Ke8 56. Ra5 f3 0-1


[Site "https://www.chess.com"]